 Dungeon Crawl Stone Soup version 0.23.2-1-ga50397a (webtiles) character file.

Game seed: 6565255723721597187

54167 Kahibar the Severer (level 14, -19/129 HPs)
             Began as a Hill Orc Fighter on May 15, 2019.
             Was a High Priest of Makhleb.
             Hit by a javelin thrown by a merfolk javelineer (21 damage)
             ... on level 3 of the Shoals.
             The game lasted 04:36:50 (26420 turns).

Kahibar the Severer (Hill Orc Fighter)             Turns: 26420, Time: 04:36:50

Health: -19/129    AC: 13    Str: 21    XL:     14   Next: 71%
Magic:  0/25       EV: 12    Int:  8    God:    Makhleb [*****.]
Gold:   1291       SH: 14    Dex: 18    Spells: 13/13 levels left

rFire    . . .     SeeInvis .   a - +3 war axe (freeze)
rCold    + . .     Gourm    .   c - +0 shield
rNeg     . . .     Faith    .   o - +0 ring mail "Sum Agin" {rElec MR+ MP+9}
rPois    .         Spirit   +   E - +1 helmet
rElec    +         Reflect  .   W - +0 cloak
rCorr    .         Harm     .   s - +0 pair of gloves
MR       ++...                  (no boots)
Stlth    ++........             H - amulet of guardian spirit
HPRegen  0.31/turn              U - ring of protection from cold
MPRegen  0.19/turn              k - +5 ring of dexterity

@: about to teleport, mesmerised
A: no striking features
a: Minor Destruction, Lesser Servant of Makhleb, Major Destruction, Greater
Servant of Makhleb, Renounce Religion


You were on level 3 of the Shoals.
You worshipped Makhleb.
Makhleb was extremely pleased with you.
You were not hungry.

You visited 4 branches of the dungeon, and saw 20 of its levels.

You collected 1291 gold pieces.

Inventory:

Hand Weapons
 a - a +3 war axe of freezing (weapon)
 b - the +11 flail of Conscience {venom, rElec Str+4 Int-2 SInv}
   (You found it on level 3 of the Lair of Beasts)

   It poisons the flesh of those it strikes.
   It affects your strength (+4).
   It affects your intelligence (-2).
   It insulates you from electricity.
   It lets you see invisible.
 j - a +0 hunting sling
Missiles
 e - 147 sling bullets
 i - 21 tomahawks
 p - 2 throwing nets
 O - 11 steel javelins (quivered)
Armour
 c - a +0 shield (worn)
 o - the +0 ring mail "Sum Agin" (worn) {rElec MR+ MP+9}
   (You found it on level 2 of the Shoals)

   It insulates you from electricity.
   It affects your resistance to hostile enchantments.
   It affects your magic capacity (+9).
 s - a +0 pair of gloves (worn)
 E - a +1 helmet (worn)
 W - a +0 cloak (worn)
 Z - +3 gold dragon scales
Jewellery
 h - an uncursed ring of fire
 k - a +5 ring of dexterity (right hand)
 C - an uncursed amulet of rage
 D - an uncursed amulet of the acrobat
 H - an amulet of guardian spirit (around neck)
 L - an uncursed amulet of the gourmand
 U - a ring of protection from cold (left hand)
Wands
 d - a wand of iceblast (15)
 F - a wand of digging (6)
 K - a wand of flame (23)
 T - a wand of disintegration (6)
 X - a wand of paralysis (22)
Scrolls
 g - 7 scrolls of remove curse
 l - 6 scrolls of amnesia
 q - 7 scrolls of immolation
 u - 3 scrolls of magic mapping
 v - a scroll of noise {unknown}
 y - a scroll of torment {unknown}
 z - 2 scrolls of fog
 B - 2 scrolls of enchant weapon
 G - 2 scrolls of fear {unknown}
 M - a scroll of random uselessness {unknown}
 P - 2 scrolls of blinking {unknown}
 S - 4 scrolls of summoning {unknown}
Potions
 m - 5 potions of flight
 n - a potion of cancellation {unknown}
 r - a potion of lignification
 t - 3 potions of haste
 x - a potion of brilliance {unknown}
 I - a potion of resistance {unknown}
 J - 2 potions of invisibility
 N - 2 potions of curing
 Q - a potion of ambrosia {unknown}
 R - 4 potions of agility
 V - 3 potions of might
 Y - a potion of degeneration {unknown}
Miscellaneous
 A - a phial of floods (inert)
Comestibles
 f - 31 rations


   Skills:
 + Level 13.0 Fighting
 + Level 17.0(17.1) Axes
 + Level 2.2(10.1) Maces & Flails
 + Level 2.6(4.0) Slings
 + Level 4.8(5.1) Throwing
 + Level 12.8 Armour
 + Level 3.1 Dodging
 + Level 1.9 Stealth
 + Level 13.0 Shields
 + Level 3.0 Evocations


You had 13 spell levels left.
You didn't know any spells.
Your spell library contained the following spells:

 Spells                   Type           Power        Failure   Level  Hunger
 Animate Skeleton         Necr           N/A          63%         1    ##.....
 Flame Tongue             Conj/Fire      #....        63%         1    ##.....
 Magic Dart               Conj           #...         63%         1    ##.....
 Pain                     Necr           #...         63%         1    ##.....
 Shock                    Conj/Air       #...         63%         1    ##.....
 Summon Small Mammal      Summ           #...         63%         1    ##.....
 Call Imp                 Summ           #.......     77%         2    ###....
 Searing Ray              Conj           #.....       77%         2    ###....
 Swiftness                Chrm/Air       #.......     77%         2    ###....
 Throw Flame              Conj/Fire      #.....       77%         2    ###....
 Call Canine Familiar     Summ           #.......     94%         3    ####...
 Conjure Flame            Conj/Fire      #.......     94%         3    ####...
 Dazzling Spray           Conj/Hex       #.....       94%         3    ####...
 Inner Flame              Hex/Fire       #.......     94%         3    ####...
 Regeneration             Chrm/Necr      #.........   94%         3    ####...
 Static Discharge         Conj/Air       #.......     94%         3    ####...
 Summon Guardian Golem    Hex/Summ       #.......     94%         3    ####...
 Vampiric Draining        Necr           #.........   94%         3    ####...
 Airstrike                Air            #.........   100%        4    #####..
 Animate Dead             Necr           N/A          100%        4    #####..
 Cause Fear               Hex            #.........   100%        4    #####..
 Force Lance              Conj/Tloc      #.......     100%        4    #####..
 Fulminant Prism          Conj/Hex       #.........   100%        4    #####..
 Iskenderun's Mystic Bla  Conj           #.......     100%        4    #####..
 Sticky Flame             Conj/Fire      #.......     100%        4    #####..
 Summon Ice Beast         Ice/Summ       #.......     100%        4    #####..
 Summon Lightning Spire   Summ/Air       #.......     100%        4    #####..
 Fireball                 Conj/Fire      #.........   100%        5    ######.
 Lightning Bolt           Conj/Air       #.........   100%        5    ######.
 Silence                  Hex/Air        #.........   100%        5    ######.
 Yara's Violent Unravell  Hex/Tmut       #.........   100%        5    ######.
 Deflect Missiles         Chrm/Air       #.........   100%        6    #######
 Discord                  Hex            #.........   100%        8    #######


Dungeon Overview and Level Annotations

Branches:
Dungeon (13/15)            Temple (0/1) D:7            Lair (3/6) D:11
 Shoals (3/4) Lair:3       Spider (1/4) Lair:3          Orc (0/2) D:11
 Vaults: D:13-14

Altars:
Cheibriados
Elyvilon
Fedhas
Gozag
Kikubaaqudgha
Makhleb
Nemelex Xobeh
Okawaru
Qazlal
Ru
Sif Muna
Trog
Uskayaw
Wu Jian
Xom
Zin
The Shining One

Shops:
D:11 (   Shoals:1 [   Shoals:2 }

Portals:
Bailey: D:13

Annotations:
Lair:1 3 runed translucent doors, OwlQaeda's ghost, journeyman GnWz


Message History

* * * LOW HITPOINT WARNING * * *
The iceblast engulfs the merfolk!
The merfolk is moderately wounded.
The iceblast engulfs the merfolk javelineer!
The merfolk javelineer is lightly wounded.
The iceblast engulfs the merfolk!!
The merfolk is moderately wounded.
You hear a shout!
The merfolk hits you from afar with a +0 trident!
* * * LOW HITPOINT WARNING * * *
The merfolk barely misses you.
A water nymph comes into view.
The merfolk siren hits you but does no damage.
The merfolk hits you but does no damage.
The tentacle slaps your water elemental!
The merfolk siren chants a haunting song.
The tentacle closely misses your water elemental.
The merfolk javelineer throws a javelin.
The javelin hits you!!
You die...

≈≈≈≈..###..<.≈≈(≈.
≈≈≈≈≈≈≈≈≈≈Xww........≈≈≈≈≈
.≈≈≈≈≈≈≈≈≈wE≈≈≈≈≈.÷≈≈≈m≈≈≈
..≈≈≈≈≈≈≈≈w≈≈≈≈≈....m≈≈≈≈≈
#..≈≈≈≈≈≈≈≈≈≈≈≈≈≈≈≈m≈≈≈.≈≈
#.≈≈≈≈≈≈≈≈≈≈≈≈≈≈≈≈≈≈≈≈≈≈.
#.≈≈≈.≈≈≈≈≈≈≈≈≈≈≈≈≈≈≈≈≈≈≈
##m≈≈≈..≈.mm.≈≈≈≈≈≈≈≈≈.≈≈≈
≈.≈((≈≈≈≈@mm.≈≈≈≈≈≈≈≈≈≈...
≈≈≈≈≈≈≈≈(.##..≈(≈≈≈≈≈≈≈≈
≈≈≈≈≈≈≈≈mm###.≈≈≈≈≈≈≈≈≈
≈≈≈≈≈≈≈≈(≈≈...≈≈≈≈≈≈≈≈≈
≈≈≈≈≈m≈≈≈≈≈...≈≈≈≈≈≈≈≈≈
≈≈≈≈≈≈≈≈≈≈...≈≈≈≈≈≈≈≈≈≈
≈≈≈≈≈≈≈≈≈≈≈≈≈≈≈≈≈≈≈≈≈≈≈
≈≈≈≈≈≈≈≈≈≈≈≈≈≈≈≈≈≈≈≈≈≈≈
c≈≈≈≈≈≈≈≈≈≈≈≈≈≈≈≈≈≈≈≈≈


You could see a kraken, a merfolk javelineer, 3 merfolk, 4 tentacles, 2 merfolk
sirens, 2 water nymphs and a friendly water elemental.

Vanquished Creatures
  A merfolk javelineer (Shoals:2)
  A merfolk impaler (Shoals:2)
  2 ogre magi
  2 hydras
  A centaur warrior (D:13)
  A merfolk avatar (Shoals:2)
  2 tengu warriors
  A satyr (Shoals:2)
  3 two-headed ogres
  Urug (D:11)
  A skeletal warrior (D:13)
  Nergalle (Lair:3)
  4 sea snakes
  An unseen horror (D:10)
  10 harpies
  An orb spider (Spider:1)
  A wolf spider (Spider:1)
  3 cyclopes (Shoals:2)
  4 manticores
  4 fauns (Shoals:2)
  An ugly thing (D:11)
  4 black mambas
  4 merfolk sirens (Shoals:2)
  2 centaur skeletons (D:13)
  5 spiny frogs
  4 water nymphs
  A gargoyle (D:11)
  A kobold demonologist (D:13)
  6 komodo dragons
  2 queen bees
  2 jumping spiders (Lair:3)
  A polar bear (Lair:2)
  4 trolls
  4 merfolk
  4 blink frogs (Lair:1)
  A slime creature (D:9)
  10 hippogriffs
  2 snapping turtles
  12 dream sheep (Shoals:2)
  3 tarantellas (Spider:1)
  A wraith (D:13)
  Sigmund (D:3)
  6 redbacks (Spider:1)
  18 yaks
  A tarantella (shapeshifter) (D:13)
  Eustachio (D:5)
  A basilisk (D:13)
  A hungry ghost (D:10)
  4 porcupines
  5 water moccasins
  3 black bears
  5 orc warriors
  A sky beast (D:11)
  A phantom (D:9)
  3 ice beasts
  A boggart (D:13)
  3 ogres
  4 necrophages (Lair:3)
  9 wolves (Lair:3)
  5 centaurs
  7 big kobolds
  6 crocodiles
  11 bullfrogs
  3 scorpions
  45 killer bees
  2 howler monkeys
  4 crimson imps
  A centaur zombie (D:11)
  3 hounds
  A bullfrog zombie (D:11)
  4 jellies
  7 orc priests
  A bullfrog skeleton (D:10)
  14 orc wizards
  Crazy Yiuf (D:2)
  2 iguanas
  12 worker ants
  A hound zombie (D:6)
  2 hound skeletons
  2 worker ant zombies (D:9)
  11 adders
  5 shadow imps
  An ooze (D:3)
  3 adder skeletons
  3 worms
  3 dart slugs
  5 leopard geckos
  54 orcs
  6 giant cockroaches
  13 goblins
  8 hobgoblins
  A jackal (D:1)
  3 quokkas
  9 bats
  6 frilled lizards
  A jackal skeleton (D:9)
  15 kobolds
  7 rats
  3 fungi
  9 plants
487 creatures vanquished.

Vanquished Creatures (others)
  Maurice (D:8)
  A bat (D:3)
  A quokka (D:9)
  A plant (Shoals:2)
  18 tentacles
22 creatures vanquished.

Grand Total: 509 creatures vanquished

Notes
Turn   | Place    | Note
-------+----------+-------------------------------------------
     0 | D:1      | Kahibar the Hill Orc Fighter began the quest for the Orb.
     0 | D:1      | Reached XP level 1. HP: 19/19 MP: 1/1
   192 | D:1      | Reached XP level 2. HP: 24/27 MP: 2/2
   329 | D:1      | Reached skill level 3 in Axes
   478 | D:1      | Reached XP level 3. HP: 30/33 MP: 3/3
   997 | D:2      | Found a runed translucent door.
   998 | D:2      | Noticed Crazy Yiuf
  1004 | D:2      | Killed Crazy Yiuf
  1098 | D:2      | Reached XP level 4. HP: 38/40 MP: 4/4
  1841 | D:3      | Reached skill level 4 in Axes
  1845 | D:3      | Reached XP level 5. HP: 34/47 MP: 5/5
  1995 | D:3      | Found a sparkling altar of Nemelex Xobeh.
  2365 | D:3      | Noticed Sigmund
  2567 | D:3      | Killed Sigmund
  2567 | D:3      | Reached skill level 5 in Axes
  2567 | D:3      | Reached skill level 1 in Dodging
  2567 | D:3      | Reached XP level 6. HP: 29/55 MP: 6/6
  2940 | D:3      | Reached skill level 6 in Axes
  3138 | D:4      | Reached skill level 5 in Fighting
  3218 | D:4      | Reached skill level 5 in Shields
  3218 | D:4      | Reached XP level 7. HP: 49/61 MP: 7/7
  3964 | D:4      | Reached skill level 7 in Axes
  4436 | D:4      | Found a snail-covered altar of Cheibriados.
  4499 | D:5      | Entered Level 5 of the Dungeon
  4506 | D:5      | Found a glowing silver altar of Zin.
  4725 | D:5      | Found a hide-covered altar of Uskayaw.
  4944 | D:5      | Reached XP level 8. HP: 68/68 MP: 8/8
  4968 | D:5      | You fall through a shaft!
  4968 | D:6      | Found a burning altar of Makhleb.
  4981 | D:6      | Became a worshipper of Makhleb the Destroyer
  5075 | D:6      | Reached skill level 8 in Axes
  5075 | D:6      | Reached skill level 5 in Armour
  5395 | D:5      | Found a stormy altar of Qazlal.
  5418 | D:5      | Noticed Eustachio
  5459 | D:5      | Killed Eustachio
  5518 | D:5      | Found a shimmering altar of Xom.
  5578 | D:5      | Found an ornate altar of the Wu Jian Council.
  5579 | D:5      | Found an ancient bone altar of Kikubaaqudgha.
  5579 | D:5      | Found a glowing golden altar of the Shining One.
  5585 | D:5      | Reached skill level 9 in Axes
  5678 | D:5      | Found a bloodstained altar of Trog.
  6617 | D:6      | Reached * piety under Makhleb
  6628 | D:6      | Reached XP level 9. HP: 9/75 MP: 9/9
  7110 | D:6      | Reached skill level 10 in Axes
  7171 | D:6      | Found a glowing silver altar of Zin.
  7220 | D:6      | Found an iron altar of Okawaru.
  7341 | D:6      | Reached skill level 1 in Stealth
  7474 | D:6      | Found a shimmering altar of Xom.
  7839 | D:7      | Found a deep blue altar of Sif Muna.
  8659 | D:6      | Reached skill level 1 in Throwing
  8954 | D:7      | Found a staircase to the Ecumenical Temple.
  9333 | D:8      | Noticed Maurice
  9437 | D:7      | Reached skill level 11 in Axes
  9992 | D:8      | Noticed a queen bee
 10141 | D:7      | Reached ** piety under Makhleb
 10517 | D:7      | Killed a queen bee
 10517 | D:7      | Reached XP level 10. HP: 73/86 MP: 10/10
 10782 | D:8      | Killed Maurice
 12335 | D:9      | Reached skill level 12 in Axes
 12436 | D:9      | Found a white marble altar of Elyvilon.
 12998 | D:9      | Reached skill level 1 in Slings
 13537 | D:9      | Found an opulent altar of Gozag.
 13721 | D:9      | Reached *** piety under Makhleb
 13733 | D:9      | Reached XP level 11. HP: 87/95 MP: 11/11
 13894 | D:10     | Entered Level 10 of the Dungeon
 14048 | D:10     | Killed an unseen horror
 14810 | D:11     | Found a sacrificial altar of Ru.
 14810 | D:11     | Noticed a cyan ugly thing
 14895 | D:11     | Noticed a two-headed ogre
 14906 | D:11     | Killed a two-headed ogre
 14956 | D:11     | Noticed an ogre mage
 14967 | D:11     | Killed an ogre mage
 14967 | D:11     | Reached skill level 13 in Axes
 15107 | D:11     | Killed a cyan ugly thing
 15251 | D:11     | You fall through a shaft for 2 floors!
 15256 | D:13     | Noticed a two-headed ogre
 15293 | D:13     | Killed a two-headed ogre
 15318 | D:13     | Noticed a two-headed ogre
 15321 | D:13     | Reached skill level 10 in Fighting
 15322 | D:13     | Noticed an ogre mage
 15322 | D:13     | Noticed a centaur warrior
 15324 | D:13     | Noticed a skeletal warrior
 15330 | D:13     | Killed a two-headed ogre
 15343 | D:13     | Killed an ogre mage
 15343 | D:13     | Reached skill level 14 in Axes
 15349 | D:13     | Reached XP level 12. HP: 66/107 MP: 12/12
 15358 | D:13     | Killed a centaur warrior
 15358 | D:13     | Reached skill level 10 in Shields
 15366 | D:13     | Noticed a tengu warrior
 15386 | D:13     | Killed a tengu warrior
 15521 | D:13     | Found a flagged portal.
 15562 | D:13     | Reached **** piety under Makhleb
 15852 | D:11     | Found a staircase to the Orcish Mines.
 15852 | D:11     | Found Poimug's Weapon Boutique.
 15944 | D:11     | Reached skill level 15 in Axes
 16741 | D:11     | Noticed a tengu warrior
 16761 | D:11     | Killed a tengu warrior
 16761 | D:11     | Reached skill level 10 in Armour
 16883 | D:11     | Found a staircase to the Lair.
 16917 | D:11     | Noticed Urug
 16934 | D:11     | Killed Urug
 17021 | Lair:1   | Entered Level 1 of the Lair of Beasts
 17292 | Lair:1   | Reached XP level 13. HP: 103/116 MP: 13/13
 17437 | Lair:1   | Found a blossoming altar of Fedhas.
 18013 | Lair:1   | Found a runed translucent gate.
 18014 | Lair:1   | Found a runed translucent gate.
 18015 | Lair:1   | Found a runed translucent gate.
 18022 | Lair:1   | Noticed OwlQaeda's ghost (journeyman GnWz)
 18523 | Lair:2   | Reached ***** piety under Makhleb
 19169 | Lair:2   | Reached skill level 16 in Axes
 19799 | Lair:3   | Found a staircase to the Shoals.
 19821 | Lair:3   | Got a crude flail
 19822 | Lair:3   | Identified the +11 flail of Conscience {venom, rElec Str+4
                  | Int-2 SInv} (You found it on level 3 of the Lair of Beasts)
 20111 | Lair:3   | Reached skill level 1 in Maces & Flails
 20176 | Lair:3   | Found a hole to the Spider Nest.
 20945 | Lair:3   | Noticed Nergalle
 20953 | Lair:3   | Killed Nergalle
 21100 | Spider:1 | Entered Level 1 of the Spider Nest
 21618 | Spider:1 | Noticed an emperor scorpion
 22034 | Shoals:1 | Entered Level 1 of the Shoals
 22619 | Shoals:1 | Reached skill level 1 in Evocations
 22694 | Shoals:1 | Found Othal's Antique Armour Emporium.
 23379 | Shoals:2 | Reached XP level 14. HP: 127/127 MP: 11/14
 24086 | Shoals:2 | Found Nafatwedghun's Gadget Shoppe.
 24264 | Shoals:2 | Noticed a kraken
 25299 | Shoals:2 | Got a fine ring mail
 25310 | Shoals:2 | Identified the cursed +0 ring mail "Sum Agin" {rElec MR+
                  | MP+9} (You found it on level 2 of the Shoals)
 25994 | Shoals:2 | Reached skill level 17 in Axes
 26150 | Shoals:3 | Noticed a kraken
 26420 | Shoals:3 | HP: 2/129 [merfolk/+0 trident (10)]
 26420 | Shoals:3 | Hit by a javelin thrown by a merfolk javelineer

Skill      XL: |  1  2  3  4  5  6  7  8  9 10 11 12 13 14 |
---------------+-------------------------------------------+-----
Axes           | 3 4 5 6 7 9 11 12 14 15 16 17 | 17.0
Fighting       | 4 5 6 7 8 10 11 12 13 | 13.0
Shields        | 4 5 6 7 9 11 12 13 | 13.0
Armour         | 4 5 7 8 9 10 12 | 12.8
Dodging        | 1 2 3 |  3.1
Stealth        | 1 |  1.9
Throwing       | 1 2 3 4 |  4.8
Slings         | 1 2 |  2.6
Maces & Flails | 1 2 |  2.2
Evocations     | 1 3 |  3.0

Action                   |  1- 3 |  4- 6 |  7- 9 | 10-12 | 13-15 || total
-------------------------+-------+-------+-------+-------+-------++-------
Melee: War axe           |    56 |   207 |   221 |   526 |   615 ||  1625
       Hand axe          |       |       |   232 |   184 |       ||   416
       Flail             |       |       |       |       |    27 ||    27
 Fire: Hunting sling     |       |       |     1 |    30 |    12 ||    43
Throw: Javelin           |       |     4 |     8 |    21 |    45 ||    78
       Tomahawk          |       |       |    12 |    12 |    19 ||    43
Evoke: Wand              |       |       |     2 |     3 |    26 ||    31
       Phial of floods   |       |       |       |       |     1 ||     1
  Use: Potion            |     1 |       |     4 |     7 |     6 ||    18
       Scroll            |       |     2 |     6 |     7 |    12 ||    27
  Eat: Chunk             |     1 |     3 |     2 |    35 |    19 ||    60
       Ration            |       |     1 |     7 |       |     4 ||    12
Armor: Scale mail        |    24 |    39 |       |       |       ||    63
       Chain mail        |       |    77 |   218 |    79 |       ||   374
       Skin              |       |       |    11 |       |     1 ||    12
       Plate armour      |       |       |       |   328 |     4 ||   332
       Gold dragon scale |       |       |       |       |   421 ||   421
       Ring mail         |       |       |       |       |    34 ||    34
Dodge: Dodged            |    17 |    59 |   108 |   167 |   155 ||   506
Block: Shield            |    27 |   110 |   219 |   445 |   481 ||  1282
